 Dungeon Crawl Stone Soup version 0.32-a0-779-g362cfcae2a (webtiles) character file.

Game seed: 1404056313673997808

63 cforsyth the Firebug (level 3, 0/33 HPs)
             Began as a Mountain Dwarf Cinder Acolyte on Mar 19, 2024.
             Was a High Priest of Ignis.
             Slain by a black bear (3 damage)
             ... on level 4 of the Dungeon.
             The game lasted 00:03:42 (3064 turns).

cforsyth the Firebug (MDCA)                         Turns: 3064, Time: 00:03:47

Health: 0/33       AC:  9    Str: 18    XL:     3   Next: 87%
Magic:  0/5        EV:  6    Int: 14    God:    Ignis [*****.]
Gold:   174        SH:  0    Dex:  5    Spells: 3/5 levels left

rFire   + . .        a - -1 hand axe (flame)
rCold   . . .        (no shield)
rNeg    . . .        g - +0 chain mail
rPois   .            (no helmet)
rElec   .            (no cloak)
rCorr   .            (no gloves)
SInv    .            i - +0 pair of boots
Will    .....        d - amulet of regeneration Stlth
                     (no ring)
HPRegen 1.05/turn    (no ring)
MPRegen 0.09/turn

%: no passive effects
@: no status effects
A: runic magic, artefact enchanting
a: Renounce Religion, Fiery Armour, Foxfire Swarm, Rising Flame


You were on level 4 of the Dungeon.
You worshipped Ignis.
Ignis was extremely pleased with you.
You visited 1 branch of the dungeon, and saw 4 of its levels.

You collected 174 gold pieces.


Innate Abilities, Weirdness & Mutations

Your spellcasting is much less encumbered by armour.
You can use scrolls of enchantment on lesser artefacts.


   Skills:
 + Level 3.7 Fighting
 + Level 4.1 Axes
 + Level 1.4 Armour
 + Level 1.6 Spellcasting
 + Level 4.1 Fire Magic


You had 3 spell levels left.
You knew the following spells:

 Your Spells              Type           Power      Damage    Failure   Level
X - Scorch                Fire           24%        2d6       12%         2

Your spell library contained the following spells:

 Spells                   Type           Power      Damage    Failure   Level
 Sandblast                Erth           2%         2d4       41%         1
 Stone Arrow              Conj/Erth      2%         3d7       80%         3
 Brom's Barrelling Bould  Conj/Erth      1%         2d3       99%         4

Inventory:

Hand Weapons
 a - a -1 hand axe of flaming (weapon)
 j - the +1 hand axe of Jaonoph {drain, rPois Int+3 Dex-4}
   (You found it on level 2 of the Dungeon)

   Int+3:     It affects your intelligence (+3).
   Dex-4:     It affects your dexterity (-4).
   rPois:     It protects you from poison.
Armour
 g - a +0 chain mail (worn)
 i - a +0 pair of boots (worn)
Jewellery
 d - an amulet of regeneration (around neck)
 F - a ring of protection from fire
Scrolls
 b - a scroll of acquirement {unknown}
 c - 3 scrolls of identify {unknown}
 f - a scroll of noise {unknown}
 h - a scroll of enchant armour {unknown}
 l - a scroll of blinking {unknown}
 m - a scroll of teleportation {unknown}
 n - a scroll of amnesia {unknown}
Potions
 e - a potion of curing {unknown}
 k - a potion of heal wounds {unknown}

Dungeon Overview and Level Annotations

Branches:
Dungeon (4/15)
 Temple: D:4-7

Altars:
Dithmenos
Gozag

Shops:
D:1 !((:   D:2 * D:3

( ### #.# ##.#
##..## # .
###....##.#
...##.......#.##
..........[....#
....)..@...<...#
......h.........#
.................#
.......###.........
....... .....#...░
....... ...####..░░
....... .... .░
........... ░


You could see a black bear (berserk, combustible).


Message History

The black bear is almost dead.
The black bear goes berserk!
Casting: Scorch (safe; 12% risk of failure)
Confirm with . or Enter, or press ? or * to list all spells.
You don't have enough magic to cast this spell.
You barely miss the black bear.
The black bear is almost dead.
The black bear bites you. The black bear barely misses you.
The black bear claws you but does no damage.
The black bear bites you!
* * * LOW HITPOINT WARNING * * *
The black bear claws you but does no damage. x2
You aren't carrying any items that you can evoke.
Okay, then.
You barely miss the black bear.
The black bear is almost dead.
The black bear barely misses you. x3
The black bear bites you but does no damage.
The black bear claws you but does no damage.
The black bear claws you.
* * * LOW HITPOINT WARNING * * *
Casting: Scorch (safe; 12% risk of failure)
Confirm with . or Enter, or press ? or * to list all spells.
Flames lash the black bear.
The black bear is almost dead.
The black bear's fire resistance burns away.
The black bear bites you but does no damage.
The black bear claws you.
You die...
Ignis goes out, and joins you in death.

Skill      XL: |  1  2 |
---------------+-------+-----
Armour         | 1 |  1.4
Fire Magic     | 4 |  4.1
Axes           | 4 |  4.1
Fighting       | |  3.7
Spellcasting   | |  1.6

Action                     || total
---------------------------++-------
  Melee: Hand axe          ||   124
   Cast: Scorch            ||    38
 Armour: Robe              ||    19
         Chain mail        ||   171
  Dodge: Dodged            ||    68

Levels and vault maps discovered:
D:1:      eino_arrival_water_cross, layout_loops_ring, serial_shops,
          nicolae_shop_bloodbath_and_beyond, shop,
          nicolae_shop_industrial_runoff, nicolae_shop_rolling_square,
          nicolae_figureground_pulse
D:2:      layout_basic, serial_shops, shop,
          hellmonk_ecumenical_altar_slurped_away, serial_bayou_lake_a
D:3:      layout_rooms, grunt_gozag_statues, grunt_dithmenos_smoke_and_mirrors,
          serial_shops, shop, amcnicky_mini_pool_small, minmay_surrounded
D:4:      layout_layer_cave, makhleb_blood_cavern_becter,
          nicolae_vehumet_altar_sigil, minmay_misc_feat_square,
          minmay_misc_feat_roman

Notes
Turn   | Place    | Note
-------+----------+-------------------------------------------
     0 | D:1      | cforsyth the Mountain Dwarf Cinder Acolyte began the quest
                  | for the Orb.
     0 | D:1      | Reached XP level 1. HP: 19/19 MP: 2/2
     0 | D:1      | Found Ovolopue's Weapon Boutique.
   301 | D:1      | Found Uteg's Distillery.
   314 | D:1      | Found Olas's Weapon Boutique.
   365 | D:1      | Reached XP level 2. HP: 22/26 MP: 3/3
   368 | D:1      | Learned a level 2 spell: Scorch
   377 | D:1      | Found Cahaeni's Book Emporium.
  1138 | D:2      | Found a faded altar of an unknown god.
  1239 | D:2      | Reached skill level 1 in Armour
  1460 | D:2      | Found Daipp's Assorted Antiques.
  1469 | D:2      | Reached skill level 4 in Fire Magic
  1488 | D:2      | Reached skill level 4 in Axes
  1504 | D:2      | Reached XP level 3. HP: 31/31 MP: 0/5
  1744 | D:2      | Identified the +1 hand axe of Jaonoph {drain, rPois Int+3
                  | Dex-4}
  2183 | D:3      | Found a shadowy altar of Dithmenos.
  2368 | D:3      | Found an opulent altar of Gozag.
  2550 | D:3      | Found Vuskeuce's Antique Weapon Boutique.
  3050 | D:4      | Noticed a black bear
  3063 | D:4      | HP: 2/33 [black bear (6)]
  3064 | D:4      | Slain by a black bear

Vanquished Creatures
  A ribbon worm (D:2)
  A dart slug (D:2)
  An orc (D:2)
  6 endoplasms
  3 goblins
  4 hobgoblins
  3 jackals (D:3)
  7 kobolds
  4 quokkas
  5 ball pythons
  7 bats
  5 frilled lizards
  6 rats
53 creatures vanquished.

Table legend: (Time is in decaauts)
 A = Elapsed time spent in this place.
 B = Non-inter-level travel time spent in this place.
 C = Inter-level travel time spent in this place.
 D = Time resting spent in this place.
 E = Time spent auto-exploring this place.
 F = Levels seen in this place.
 G = Mean time per level.
                   A        B        C        D        E       F      G
               +--------+--------+--------+--------+--------+-----+--------+
         Total |   3109 |   3029 |     80 |     90 |   2463 |   4 |  777.2 |
       Dungeon |   3109 |   3029 |     80 |     90 |   2463 |   4 |  777.2 |
               +--------+--------+--------+--------+--------+-----+--------+

Top non-repeatable levels by time:
     D:2: 1205 daAuts
     D:1: 966 daAuts
     D:3: 920 daAuts
     D:4: 16 daAuts

Table legend:
 A = Non-vault XP
 B = Vault XP
 C = Vault XP percentage of total XP
 D = Non-vault monster count
 E = Vault monster count
 F = Vault count percentage of total count
                 A         B        C        D         E       F
            +---------+---------+-------+---------+---------+-------
      Total |      82 |       8 |   8.9 |      48 |       5 |   9.4
            +---------+---------+-------+---------+---------+-------
        D:1 |      20 |       0 |   0.0 |      13 |       0 |   0.0
        D:2 |      34 |       2 |   5.6 |      18 |       1 |   5.3
        D:3 |      28 |       6 |  17.6 |      17 |       4 |  19.0
            +---------+---------+-------+---------+---------+-------
